 Dungeon Crawl Stone Soup version 0.23.0 (webtiles) character file.

Game seed: 8480135006945878645

264899 magipi the Fighter (level 20, -5/132 HPs)
             Began as a Gargoyle Fire Elementalist on Feb 11, 2019.
             Was the Champion of the Shining One.
             Slain by a bone dragon (18 damage)
             ... on level 3 of the Abyss on Feb 12, 2019.
             The game lasted 04:11:17 (61484 turns).

magipi the Fighter (Gargoyle Fire Elementalist)    Turns: 61484, Time: 04:11:20

Health: -5/132     AC: 29    Str: 14 (15) XL:     20   Next: 6%
Magic:  23/23      EV: 20    Int: 17 (19) God:    the Shining One [******]
Gold:   1362       SH:  7    Dex:  6      Spells: 24/39 levels left

rFire    + . .     SeeInvis .   b - +0 trident (flame)
rCold    . . .     Gourm    .   O - +0 buckler
rNeg     + + +     Faith    .   z - +2 robe {rF+}
rPois    ∞         Spirit   .   D - +2 helmet
rElec    +         Reflect  +   y - +1 cloak {+Inv}
rCorr    .         Harm     .   u - +1 pair of gloves
MR       ++...     Rnd*Rage +   Z - +1 pair of boots Stlth ..........Rnd*Tele +
                                G - +3 amulet of reflection
HPRegen  0.00/turn              v - +5 ring of evasion
MPRegen  0.18/turn              m - ring of protection from magic

@: berserking, hasted, glowing, very quick
A: big wings, hooves 1, [berserk 3], [blurry vision 3], [clumsy 2], [deformed
body], [deterioration 2], [dopey 2], [frail 3], [low mp 3], negative energy
resistance 1, [screaming 3], electricity resistance, [inhibited regeneration],
[teleportitis 3], [weak 2], unbreathing, petrification resistance, [no potion
heal 3], rot immunity, [subdued magic 3], AC +15
}: 2/15 runes: decaying, gossamer
a: Fly, Divine Shield, Cleansing Flame, Summon Divine Warrior, Brand Weapon With
Holy Wrath, Renounce Religion, Evoke Invisibility


You were on level 3 of the Abyss.
You worshipped the Shining One.
The Shining One was exalted by your worship.
You were near starving.

You visited 6 branches of the dungeon, and saw 34 of its levels.
You visited the Abyss 2 times.

You collected 3511 gold pieces.
You spent 2149 gold pieces at shops.

Inventory:

Hand Weapons
 b - a +0 trident of flaming (weapon)
   (You took it off an orc priest on level 2 of the Orcish Mines)
Missiles
 w - 3 poisoned javelins (quivered)
 I - 3 throwing nets
Armour
 u - a +1 pair of gloves (worn)
   (You found it on level 3 of the Dungeon)
 y - a +1 cloak of invisibility (worn)
   (You took it off Maurice on level 10 of the Dungeon)
 z - a +2 robe of fire resistance (worn)
   (You found it on level 9 of the Dungeon)
 D - a +2 helmet (worn)
   (You bought it in a shop on level 7 of the Dungeon)
 O - a +0 buckler (worn)
   (You took it off a tengu warrior on level 14 of the Dungeon)
 Z - a +1 pair of boots (worn)
   (You found it on level 3 of the Dungeon)
Magical Staves
 a - an uncursed staff of air
   (You found it on level 13 of the Dungeon)
Jewellery
 c - an uncursed ring of protection from cold
   (You found it on level 1 of the Dungeon)
 f - an uncursed ring of protection from fire
   (You found it on level 9 of the Dungeon)
 m - a ring of protection from magic (right hand)
   (You found it on level 1 of the Lair of Beasts)
 o - an uncursed ring of resist corrosion
   (You found it on level 3 of the Swamp)
 v - a +5 ring of evasion (left hand)
   (You found it on level 15 of the Dungeon)
 G - a +3 amulet of reflection (around neck)
   (You found it on level 12 of the Dungeon)
Wands
 d - a wand of digging (12)
   (You found it on level 6 of the Lair of Beasts)
 k - a wand of polymorph (27)
   (You took it off a wight on level 11 of the Dungeon)
 r - a wand of iceblast (3)
   (You took it off Ijyb on level 3 of the Dungeon)
 A - a wand of acid (1)
   (You found it on level 13 of the Dungeon)
 K - a wand of scattershot (9)
   (You took it off Fannar on level 11 of the Dungeon)
 R - a wand of enslavement (18)
   (You took it off a deep elf mage on level 1 of the Elven Halls)
 W - a wand of disintegration (8)
   (You found it on level 1 of the Elven Halls)
Scrolls
 e - 19 scrolls of remove curse
 j - 16 scrolls of identify
 s - a scroll of fear
 t - 5 scrolls of enchant weapon
 J - 3 scrolls of magic mapping
 N - a scroll of teleportation
 P - 5 scrolls of fog
 Q - 3 scrolls of immolation
 U - 3 scrolls of enchant armour
 X - a scroll of amnesia
 Y - a scroll of brand weapon
Potions
 g - 4 potions of mutation
 h - 6 potions of ambrosia
 i - 12 potions of curing
 n - a potion of agility
 p - 7 potions of heal wounds
 q - 2 potions of haste
 F - 3 potions of berserk rage
 H - 4 potions of brilliance
 L - 3 potions of cancellation
 S - 3 potions of magic
 T - 2 potions of might
Miscellaneous
 l - a box of beasts
 B - a lamp of fire
   (You found it on level 2 of the Abyss)
 E - a fan of gales
   (You found it on level 4 of the Spider Nest)
 V - a phial of floods
   (You found it on level 3 of the Swamp)
Comestibles
 x - 15 rations


   Skills:
 - Level 14.0 Fighting
 - Level 12.7(13.4) Polearms
 - Level 8.2(12.0) Staves
 - Level 8.0 Armour
 + Level 11.7 Dodging
 - Level 2.1 Stealth
 - Level 4.0 Shields
 - Level 10.0 Spellcasting
 - Level 10.0 Conjurations
 - Level 6.0 Hexes
 - Level 10.0 Fire Magic
 - Level 10.0 Air Magic
 - Level 10.0 Invocations
 - Level 10.0 Evocations


You had 24 spell levels left.
You knew the following spells:

 Your Spells              Type           Power        Failure   Level  Hunger
c - Conjure Flame         Conj/Fire      ###.....     1%          3    None
f - Fireball              Conj/Fire      ###.......   1%          5    #####..
t - Confusing Touch       Hex            ###...       1%          1    None
w - Swiftness             Chrm/Air       ##......     1%          2    None
y - Sticky Flame          Conj/Fire      ###.....     1%          4    ###....

Your spell library contained the following spells:

 Spells                   Type           Power        Failure   Level  Hunger
 Flame Tongue             Conj/Fire      ###..        0%          1    None
 Magic Dart               Conj           ###.         0%          1    None
 Shock                    Conj/Air       ###.         0%          1    None
 Corona                   Hex            ###....      1%          1    None
 Ensorcelled Hibernation  Hex/Ice        #.....       1%          2    None
 Poisonous Vapours        Pois/Air       ##....       1%          2    None
 Searing Ray              Conj           ###...       1%          2    None
 Throw Flame              Conj/Fire      ###...       1%          2    None
 Confuse                  Hex            ###.....     1%          3    None
 Dazzling Spray           Conj/Hex       ###...       1%          3    None
 Inner Flame              Hex/Fire       ###.....     1%          3    None
 Mephitic Cloud           Conj/Pois/Air  ###.....     1%          3    None
 Static Discharge         Conj/Air       ###.....     1%          3    None
 Stone Arrow              Conj/Erth      ##....       1%          3    None
 Tukima's Dance           Hex            ###.....     1%          3    None
 Airstrike                Air            ###.......   1%          4    ###....
 Fulminant Prism          Conj/Hex       ###.......   1%          4    ###....
 Iskenderun's Mystic Bla  Conj           ###.....     1%          4    ###....
 Lightning Bolt           Conj/Air       ###.......   1%          5    #####..
 Portal Projectile        Hex/Tloc       #.....       3%          3    None
 Cause Fear               Hex            ###.......   3%          4    ###....
 Animate Skeleton         Necr           N/A          4%          1    None
 Apportation              Tloc           #.....       4%          1    None
 Beastly Appendage        Tmut           #.....       4%          1    None
 Summon Butterflies       Summ           #.......     4%          1    None
 Summon Small Mammal      Summ           #...         4%          1    None
 Silence                  Hex/Air        ###.......   4%          5    #####..
 Force Lance              Conj/Tloc      ##......     5%          4    ###....
 Corpse Rot               Necr           N/A          7%          2    None
 Sticks to Snakes         Tmut           #.......     7%          2    None
 Leda's Liquefaction      Hex/Erth       #.........   14%         4    ###....
 Call Canine Familiar     Summ           #.......     16%         3    None
 Gell's Gravitas          Tloc           #.........   16%         3    None
 Recall                   Summ/Tloc      N/A          16%         3    None
 Spider Form              Tmut/Pois      #.........   16%         3    None
 Irradiate                Conj/Tmut      ##........   19%         5    #####..
 Metabolic Englaciation   Hex/Ice        #.........   43%         5    #####..
 Summon Mana Viper        Hex/Summ       #.......     43%         5    #####..
 Yara's Violent Unravell  Hex/Tmut       #.........   43%         5    #####..
 Animate Dead             Necr           N/A          50%         4    ###....
 Ice Form                 Ice/Tmut       #.......     50%         4    ###....
 Petrify                  Tmut/Erth      #.......     50%         4    ###....
 Summon Ice Beast         Ice/Summ       #.......     50%         4    ###....
 Freezing Cloud           Conj/Ice/Air   ###.......   50%         6    ######.
 Deflect Missiles         Chrm/Air       ##........   77%         6    ######.
 Aura of Abjuration       Summ           #.........   87%         5    #####..
 Blade Hands              Tmut           #.........   87%         5    #####..
 Borgnjor's Vile Clutch   Necr/Erth      #.........   87%         5    #####..
 Summon Forest            Summ/Tloc      #.........   87%         5    #####..
 Death Channel            Necr           #.........   100%        6    ######.
 Dispersal                Tloc           #.........   100%        6    ######.
 Hydra Form               Tmut           #.........   100%        6    ######.
 Simulacrum               Ice/Necr       #.........   100%        6    ######.
 Dragon Form              Tmut           #.........   100%        7    #######
 Ring of Flames           Chrm/Fire      ##........   100%        7    #######
 Spellforged Servitor     Conj/Summ      ##........   100%        7    #######
 Summon Hydra             Summ           #.........   100%        7    #######
 Controlled Blink         Tloc           N/A          100%        8    #######
 Discord                  Hex            ###.......   100%        8    #######
 Disjunction              Tloc           #.........   100%        8    #######
 Statue Form              Tmut/Erth      Unusable     N/A         6    N/A

Dungeon Overview and Level Annotations

Branches:
Dungeon (15/15)            Temple (0/1) D:6            Lair (6/6) D:10
  Swamp (4/4) Lair:2       Spider (4/4) Lair:4        Slime (0/5) Lair:6
    Orc (2/2) D:10            Elf (3/3) Orc:2        Vaults (0/5) D:13
 Depths (0/5) D:15

Altars:
Ashenzari
Cheibriados
Dithmenos
Fedhas
Gozag
Qazlal
Sif Muna
Trog
Uskayaw
Vehumet
Wu Jian
Xom
Yredelemnul
The Shining One
Beogh

Shops:
D:6 *   D:7 [   D:13 !   Orc:2 ?!?*

Portals:
Trove: Elf:2 (give +5 ice dragon scales)

Annotations:
D:11 1 runed translucent door, Jaiteiro's ghost, journeyman OpFi
D:12 3 runed translucent doors
Lair:1 exclusion: oklob plant
Elf:2 5 runed translucent doors
Elf:3 exclusion: door


Innate Abilities, Weirdness & Mutations

You are resistant to torment.
Your stone body is resilient. (AC +15)
You are immune to poison.
Your large and strong wings let you fly indefinitely.
You resist negative energy. (rN+)
You are resistant to electric shocks. (rElec)
You can survive without breathing.
You are immune to petrification.
You are immune to rotting.
You have large cloven feet.
[You have an uncontrollable temper.]
[Scrolls take you much longer to read.]
[You are very clumsy. (Dex -4)]
[Armour fits poorly on your strangely shaped body.]
[Your body often deteriorates upon taking damage.]
[You are very dopey. (Int -4)]
[You are extremely frail. (-30% HP)]
[Your magical capacity is extremely low. (-30% MP)]
[You frequently scream uncontrollably at your foes.]
[You do not regenerate when monsters are visible.]
[You are often teleported next to monsters.]
[You are very weak. (Str -4)]
[Potions cannot restore your health.]
[Your spells are much easier to cast, but much less powerful.]


Message History

Your angel is healed somewhat.
Unknown command.
Okay, then.
Your angel hits the wretched star with a +3 whip of holy wrath!
Your angel hits the wretched star but does no damage.
The human barely misses you.
The tentacled starspawn barely misses your angel.
The tentacled starspawn misses your angel.
Unknown command.
Unknown command.
An orange demon comes into view.
Your angel hits the wretched star but does no damage.
Your angel hits the wretched star with a +3 whip of holy wrath.
The wretched star pulses with an eldritch light!
Your angel twists and deforms.
Your angel gestures.
Your angel is healed somewhat.
The tentacled starspawn bites your angel!!
The tentacled starspawn engulfs your angel but does no damage.
Something grabs your angel.
Your angel is constricted.
Unknown command.
Unknown command.
A tentacle flies out from the starspawn's body!
A starspawn tentacle comes into view.
Unknown command.
You feel yourself speed up. The human misses you.
A tentacled starspawn comes into view.
The starspawn tentacle moves out of view.
Unknown command.
Unknown command.
The orange demon stings you but does no damage.
The orange demon misses you.
A tentacle flies out from the starspawn's body!
A starspawn tentacle comes into view.
A glowing orange brain comes into view.
The human changes into a yak!
A tentacle flies out from the starspawn's body!
You scream at the starspawn tentacle!
A starspawn tentacle comes into view.
Unknown command.
Unknown command.
The yak dissolves into shadows!
Unknown command.
The glowing orange brain pulsates ominously.
The glowing orange brain pulsates.
Evoke which item? (* to show all) (? for menu, Esc to quit)
Okay, then.
Unknown command.
Okay, then.
Really read with blurry vision while enemies are nearby?
You begin reading the scroll.
You continue reading the scroll. x2
As you read the scroll of holy word, it crumbles to dust.
You speak a Word of immense power!
The large abomination convulses!
The bone dragon convulses!
The Hell Sentinel convulses!
The orange demon convulses!
Unknown command.
Unknown command.
The orange demon is lost in a daze.
The large abomination is lost in a daze.
Okay, then.
Unknown command.
You hit the large abomination but do no damage.
The large abomination is severely damaged.
You hit the large abomination but do no damage.
The large abomination is severely damaged.
You block the large abomination's attack.
You hit the large abomination but do no damage.
The large abomination is severely damaged.
You are near starving!
You puncture the large abomination! You burn the large abomination.
The large abomination is almost destroyed.
The large abomination is lost in a daze.
Really read with blurry vision while enemies are nearby?
You begin reading the scroll.
You continue reading the scroll.
The large abomination hits you but does no damage.
You continue reading the scroll.
As you read the scroll of summoning, it crumbles to dust.
Wisps of shadow whirl around you...
Unknown command.
Unknown command.
A red film seems to cover your vision as you go berserk!
You feel yourself moving faster!
You feel mighty!
You hit the bone dragon but do no damage.
The bone dragon is lightly damaged.
The large abomination is lost in a daze.
Unknown command.
Unknown command.
Unknown command.
You impale the bone dragon!! You burn the bone dragon.
The bone dragon is moderately damaged.
You hit the bone dragon but do no damage.
The bone dragon is moderately damaged.
The large abomination hits your ancient zyme but does no damage.
You puncture the bone dragon! You burn the bone dragon.
The bone dragon is moderately damaged.
The orange demon stings your ancient zyme.
The orange demon hits your ancient zyme.
Your ancient zyme looks weaker.
The bone dragon bites you!!
You die...

### ≈ ##@# ..
##xD## ##..
.#4#X.#
##..#.#. X1##
#...........#
## # .
....... ... .
#
..........###
#......... ##
#.... . .. .
#


You could see a bone dragon (dazed), a Hell Sentinel (dazed), a tentacled
starspawn, an orange demon (dazed), a large abomination (dazed) and a friendly
ancient zyme.

Vanquished Creatures
  A profane servitor (Abyss:3)
  Arachne (Spider:3)
  Nikola (Lair:4)
  Rupert (Lair:5)
  A deep elf blademaster (Elf:3)
  A tentacled starspawn (Abyss:3)
  3 thorn hunters
  5 deep elf sorcerers (Elf:3)
  6 ghost moths
  4 emperor scorpions
  4 deep elf elementalists (Elf:3)
  A lorocyproca (Abyss:2)
  3 deep elf demonologists
  An entropy weaver (Spider:3)
  3 spark wasps
  2 deep elf annihilators (Elf:3)
  3 deep elf death magi (Elf:3)
  Josephine (D:12)
  A fire dragon (Lair:6)
  Fannar (D:11)
  3 deep elf high priests (Elf:3)
  Harold (D:11)
  A great orb of eyes (Abyss:2)
  A catoblepas (D:12)
  3 centaur warriors
  2 ghost crabs
  17 hydras
  A rakshasa (Abyss:3)
  2 shambling mangroves (Swamp:3)
  12 alligators
  6 dancing weapons
  2 two-headed ogres
  2 death yaks (Lair:6)
  Urug (D:13)
  3 orc high priests
  A tengu warrior (D:14)
  A spriggan berserker (Swamp:2)
  11 deep elf knights
  Nergalle (D:12)
  5 skeletal warriors
  2 glowing orange brains
  2 unseen horrors
  4 spriggan druids
  8 swamp dragons
  A wizard (D:14)
  An orc knight (D:15)
  10 deep elf archers
  A swamp dragon (shapeshifter) (Elf:2)
  Pikel (D:4)
  An orc sorcerer (Elf:3)
  48 deep elf magi
  6 ugly things
  30 wolf spiders
  6 manticores
  12 orb spiders
  3 worldbinders
  3 cyclopes
  11 elephants
  A smoke demon (Abyss:3)
  A black mamba (shapeshifter) (D:14)
  4 gargoyles
  6 black mambas
  Psyche (D:11)
  A spiny frog (shapeshifter) (D:9)
  2 torpor snails
  7 orange demons
  Maurice (D:10)
  10 spiny frogs
  6 rime drakes
  9 komodo dragons
  2 freezing wraiths (D:14)
  17 demonic crawlers
  A kobold demonologist (D:14)
  An ancient zyme (Abyss:2)
  An ice devil (Orc:1)
  2 red devils (D:13)
  A jumping spider (shapeshifter) (Elf:1)
  17 jumping spiders
  A wind drake (Spider:3)
  A meliai (Spider:2)
  A queen bee (Lair:2)
  11 tyrant leeches
  18 hornets
  10 trolls
  Prince Ribbit (Lair:2)
  Grinder (D:3)
  4 raiju
  23 slime creatures
  13 blink frogs
  10 dream sheep
  A snapping turtle (shapeshifter) (Elf:3)
  13 hippogriffs
  2 air elementals
  10 bog bodies
  2 vampires
  A centaur simulacrum (D:14)
  A spriggan (shapeshifter) (Elf:3)
  A yak (shapeshifter) (Elf:2)
  28 tarantellas
  53 redbacks
  7 spriggans
  4 water elementals
  4 wyverns
  19 yaks
  Sigmund (D:3)
  6 wraiths
  4 shadows
  16 humans
  2 steam dragons (Lair:2)
  7 basilisks
  4 fire elementals
  A chaos spawn (Abyss:3)
  10 vampire mosquitoes
  3 hungry ghosts
  Grum (D:11)
  2 wargs
  10 insubstantial wisps
  2 soldier ants
  17 swamp worms
  8 porcupines
  18 water moccasins
  3 hell hounds (D:15)
  An acid dragon (Lair:6)
  18 orc warriors
  7 small abominations
  18 swamp drakes
  5 large abominations
  An ice beast (D:9)
  5 sky beasts
  A slave (D:3)
  2 black bears (D:9)
  2 phantoms
  3 necrophages
  7 ogres
  9 wolves
  9 centaurs
  15 crocodiles
  Blork the orc (D:6)
  A big kobold (D:10)
  15 bullfrogs
  3 earth elementals
  A wyvern zombie (D:10)
  A wyvern skeleton (D:7)
  8 scorpions
  7 wights
  24 killer bees
  3 electric eels
  5 crimson imps
  A lava snake (D:15)
  3 centaur zombies
  19 jellies
  22 orc priests
  7 hounds
  2 quasits
  2 bullfrog skeletons (D:6)
  2 bullfrog zombies
  18 orc wizards
  6 centaur skeletons
  Ijyb (D:3)
  Natasha (thrice) (D:3)
  7 iguanas
  2 hell rats (Lair:2)
  12 worker ants
  2 hound skeletons
  A hound zombie (D:10)
  3 gnolls (D:5)
  2 river rats (Lair:2)
  15 adders
  2 shadow imps
  17 white imps
  2 oozes
  2 adder zombies
  An adder skeleton (D:9)
  3 worms
  A dart slug (D:2)
  4 leopard geckos
  56 orcs
  11 bats
  6 giant cockroaches
  12 goblins
  11 hobgoblins
  8 jackals
  3 quokkas
  4 frilled lizards
  A jackal skeleton (D:5)
  15 kobolds
  A quokka skeleton (D:5)
  A quokka zombie (D:4)
  8 rats
  2 crawling corpses (Elf:3)
  A plant (Lair:2)
  A starspawn tentacle (Abyss:3)
1191 creatures vanquished.

Vanquished Creatures (collateral kills)
  A bone dragon (Abyss:3)
  Agnes (Lair:4)
  Gastronok (Lair:1)
  A fire giant (D:15)
  Roxanne (Elf:2)
  An orc warlord (Orc:1)
  A cacodemon (Abyss:3)
  Azrael (D:15)
  A rakshasa (D:15)
  7 dancing weapons
  4 death yaks (Lair:6)
  2 orc high priests (Orc:2)
  A thrashing horror (Abyss:3)
  4 wretched stars
  A deep elf knight (Elf:2)
  A wolf spider (Spider:3)
  2 orb spiders
  7 deep elf magi
  A moth of wrath (Spider:4)
  2 orc sorcerers (Orc:2)
  3 ugly things (D:15)
  2 elephants (Lair:6)
  2 large abominations (Abyss:3)
  A demonic crawler (Spider:3)
  A komodo dragon (Lair:6)
  An efreet (Abyss:3)
  An ice devil (Orc:2)
  2 hornets
  A troll (Orc:2)
  2 raiju (Abyss:3)
  A small abomination (Abyss:3)
  2 fire elementals (D:15)
  A porcupine (Lair:5)
  3 orc warriors (Orc:2)
  An eye of draining (Abyss:3)
  2 crocodiles
  11 orc priests (Orc:2)
  6 orc wizards (Orc:2)
  An orc (Orc:2)
85 creatures vanquished.

Vanquished Creatures (others)
  2 wolf spiders
  A hornet (Spider:4)
  A bog body (Swamp:4)
  A redback (Spider:4)
  2 tarantellas
  A centaur (D:14)
  A killer bee (Lair:2)
  An electric eel (D:15)
  A kobold (D:10)
  2 bushes (Lair:6)
  A fire vortex (D:4)
  6 fungi
  A lurking horror (Abyss:3)
  12 plants
  7 starspawn tentacles (Abyss:3)
40 creatures vanquished.

Grand Total: 1316 creatures vanquished

Notes
Turn   | Place    | Note
-------+----------+-------------------------------------------
     0 | D:1      | magipi the Gargoyle Fire Elementalist began the quest for
                  | the Orb.
     0 | D:1      | Reached XP level 1. HP: 10/10 MP: 3/3
   199 | D:1      | Reached XP level 2. HP: 14/15 MP: 0/5
   906 | D:2      | Reached XP level 3. HP: 19/19 MP: 0/6
  1185 | D:2      | Learned a level 3 spell: Conjure Flame
  1394 | D:2      | Reached XP level 4. HP: 22/24 MP: 5/7
  1613 | D:2      | Found a basalt altar of Yredelemnul.
  1613 | D:2      | Found a blossoming altar of Fedhas.
  1649 | D:3      | Found a shadowy altar of Dithmenos.
  1762 | D:3      | Noticed Sigmund
  1782 | D:3      | Found a bloodstained altar of Trog.
  2113 | D:3      | Noticed Natasha
  2234 | D:3      | Killed Natasha
  2234 | D:3      | Reached XP level 5. HP: 28/28 MP: 4/8
  2304 | D:3      | Noticed Ijyb
  2412 | D:3      | Killed Ijyb
  2490 | D:3      | Noticed Natasha
  2494 | D:3      | Killed Natasha
  2798 | D:3      | Found a shattered altar of Ashenzari.
  2938 | D:3      | Found a glowing golden altar of the Shining One.
  2944 | D:3      | Reached skill level 5 in Fire Magic
  2956 | D:3      | Became a worshipper of the Shining One
  2962 | D:3      | Noticed Grinder
  3002 | D:4      | Noticed a phantom
  3021 | D:4      | Killed a phantom
  3021 | D:4      | Reached XP level 6. HP: 29/32 MP: 1/9
  3139 | D:4      | Noticed Pikel
  3139 | D:4      | Noticed a slave
  3139 | D:4      | Noticed a slave
  3139 | D:4      | Noticed a slave
  3233 | D:3      | Killed a slave
  3363 | D:4      | Killed Pikel
  3363 | D:4      | Reached XP level 7. HP: 31/36 MP: 10/10
  3646 | D:4      | Learned a level 4 spell: Sticky Flame
  3655 | D:4      | Learned a level 1 spell: Confusing Touch
  3787 | D:4      | Found an opulent altar of Gozag.
  3840 | D:4      | Found a snail-covered altar of Cheibriados.
  3853 | D:4      | Reached XP level 8. HP: 21/41 MP: 8/11
  4038 | D:4      | Found a shimmering altar of Xom.
  4039 | D:4      | Found a shimmering altar of Xom.
  4039 | D:4      | Found a shimmering altar of Xom.
  4041 | D:4      | Found a shimmering altar of Xom.
  4090 | D:4      | Found an ornate altar of the Wu Jian Council.
  4105 | D:4      | Reached skill level 1 in Hexes
  4160 | D:4      | Found a shimmering altar of Xom.
  4160 | D:4      | Found a shimmering altar of Xom.
  4160 | D:4      | Found a shimmering altar of Xom.
  4407 | D:5      | Entered Level 5 of the Dungeon
  4649 | D:5      | Reached * piety under the Shining One
  5377 | D:5      | Reached XP level 9. HP: 31/45 MP: 14/14
  5730 | D:6      | Reached skill level 5 in Spellcasting
  6074 | D:6      | Found Minteor's General Store.
  6074 | D:6      | You fall through a shaft!
  6143 | D:7      | Reached skill level 5 in Hexes
  6522 | D:6      | Bought a +0 cloak for 63 gold pieces
  6547 | D:6      | Reached ** piety under the Shining One
  6677 | D:6      | Noticed Blork the orc
  6681 | D:6      | Killed Blork the orc
  6684 | D:6      | Reached XP level 10. HP: 48/50 MP: 19/19
  6717 | D:6      | Got a warped ring mail
  6947 | D:6      | Found a staircase to the Ecumenical Temple.
  7283 | D:7      | Found a hide-covered altar of Uskayaw.
  7305 | D:7      | Reached skill level 1 in Fighting
  7324 | D:7      | Found a radiant altar of Vehumet.
  7378 | D:7      | Found Ciurrexzo's Armour Shoppe.
  7386 | D:7      | Bought a +2 helmet for 198 gold pieces
  7457 | D:7      | Found a deep blue altar of Sif Muna.
  7511 | D:8      | Reached skill level 2 in Fighting
  7766 | D:8      | Identified the cursed +0 ring mail of Gipudem {*Contam
                  | *Drain Int+8 Slay+4} (You found it on level 6 of the
                  | Dungeon)
  7863 | D:7      | Reached skill level 3 in Fighting
  8070 | D:8      | You fall through a shaft!
  8155 | D:9      | Reached *** piety under the Shining One
  8160 | D:9      | Reached skill level 4 in Fighting
  8773 | D:9      | Reached skill level 5 in Fighting
  9169 | D:9      | Reached skill level 6 in Fighting
  9411 | D:9      | Reached skill level 5 in Dodging
  9467 | D:9      | Noticed a centaur warrior
  9480 | D:9      | Killed a centaur warrior
  9480 | D:9      | Reached XP level 11. HP: 17/64 MP: 15/20
  9625 | D:9      | Noticed a manticore
  9638 | D:9      | Killed a manticore
  9638 | D:9      | Reached skill level 1 in Evocations
 10418 | D:10     | Entered Level 10 of the Dungeon
 10448 | D:10     | Found a staircase to the Orcish Mines.
 10468 | D:10     | Noticed a two-headed ogre
 10486 | D:10     | Killed a two-headed ogre
 10782 | D:10     | Reached XP level 12. HP: 70/70 MP: 21/21
 10959 | D:10     | Found a staircase to the Lair.
 11139 | D:10     | You fall through a shaft for 3 floors!
 11139 | D:13     | Found a gate leading to a gauntlet.
 11152 | D:13     | Reached **** piety under the Shining One
 11191 | D:13     | Noticed a two-headed ogre
 11195 | D:13     | Found Edoqin's Distillery.
 11200 | D:13     | Noticed a catoblepas
 11203 | D:13     | Bought 2 potions of might for 104 gold pieces
 11203 | D:13     | Bought a potion of heal wounds for 65 gold pieces
 11203 | D:13     | Bought a potion of agility for 52 gold pieces
 11203 | D:13     | Bought a potion of curing for 39 gold pieces
 11203 | D:13     | Bought a potion of curing for 39 gold pieces
 11446 | D:11     | Noticed Nergalle
 11446 | D:11     | Noticed Harold
 11446 | D:11     | Noticed Fannar
 11573 | D:12     | Found a runed translucent gate.
 11574 | D:12     | Found a runed translucent gate.
 11574 | D:12     | Found a runed translucent gate.
 11575 | D:12     | Noticed a brown very ugly thing
 11576 | D:12     | Noticed a purple very ugly thing
 11717 | D:11     | Noticed Maurice
 12062 | D:11     | Killed Harold
 12071 | D:11     | Killed Fannar
 12093 | D:12     | Killed Nergalle
 12167 | D:11     | Reached ***** piety under the Shining One
 12196 | D:11     | Reached XP level 13. HP: 64/74 MP: 12/22
 12199 | D:11     | Found a runed translucent door.
 12199 | D:11     | Noticed Jaiteiro's ghost (journeyman OpFi)
 12211 | D:11     | Identified the ring of Ruaf {Ice Int+3}
 12296 | D:11     | Noticed Psyche
 12312 | D:11     | Killed Psyche
 12328 | D:11     | Reached skill level 10 in Conjurations
 12771 | D:10     | Killed Maurice
 12771 | D:10     | Reached skill level 10 in Fire Magic
 13060 | Orc:1    | Entered Level 1 of the Orcish Mines
 13655 | Orc:1    | Found a roughly hewn altar of Beogh.
 13672 | Orc:1    | Gained mutation: You have large cloven feet. [a neqoxec]
 13673 | Orc:1    | Reached skill level 1 in Polearms
 13890 | Orc:2    | Entered Level 2 of the Orcish Mines
 13890 | Orc:2    | Found a staircase to the Elven Halls.
 14431 | Orc:2    | Noticed an orc warlord
 15338 | Orc:1    | Killed an orc warlord
 15756 | Orc:2    | Reached ****** piety under the Shining One
 15863 | Orc:2    | Found Jarevul's Magic Scroll Shop.
 15863 | Orc:2    | Found Jihairch's Magic Scroll Boutique.
 15866 | Orc:2    | Found Vaeciq's Distillery.
 15868 | Orc:2    | Found Ynlia's Assorted Antiques.
 15871 | Orc:2    | Bought a scroll of random uselessness for 15 gold pieces
 16223 | Orc:2    | Bought a scroll of teleportation for 48 gold pieces
 16223 | Orc:2    | Bought a scroll of teleportation for 48 gold pieces
 16223 | Orc:2    | Bought a scroll of blinking for 120 gold pieces
 16224 | Orc:2    | Bought a copper ring for 175 gold pieces
 16588 | D:3      | Found a shadowy altar of Dithmenos.
 16598 | D:3      | Found a bloodstained altar of Trog.
 16630 | D:3      | Noticed Natasha
 16636 | D:3      | Killed Natasha
 16663 | D:3      | Killed Sigmund
 16667 | D:3      | Paralysed by Grinder for 3 turns
 16674 | D:3      | Killed Grinder
 16984 | Lair:1   | Entered Level 1 of the Lair of Beasts
 17142 | Lair:1   | Reached skill level 10 in Invocations
 17931 | Lair:1   | Noticed Gastronok
 17972 | Lair:1   | Killed Gastronok
 18117 | Lair:1   | Found a blossoming altar of Fedhas.
 18323 | Lair:1   | Reached skill level 5 in Polearms
 18323 | Lair:1   | Gained mutation: Your large and strong wings let you fly
                  | indefinitely. [Gargoyle growth]
 18323 | Lair:1   | Reached XP level 14. HP: 70/80 MP: 23/23
 18805 | Lair:3   | Reached skill level 10 in Evocations
 18980 | Lair:3   | Noticed Prince Ribbit
 19595 | Lair:2   | Killed Prince Ribbit
 19993 | Lair:2   | Found a staircase to the Swamp.
 20801 | Lair:3   | Learned a level 5 spell: Fireball
 21902 | Lair:4   | Reached skill level 7 in Fighting
 21903 | Lair:4   | Found a hole to the Spider Nest.
 22880 | Lair:5   | Noticed Rupert
 22880 | Lair:5   | Paralysed by Rupert for 2 turns
 22894 | Lair:5   | Killed Rupert
 23497 | Lair:6   | Entered Level 6 of the Lair of Beasts
 23922 | Lair:5   | Reached skill level 8 in Fighting
 24120 | Lair:6   | Reached XP level 15. HP: 59/88 MP: 2/24
 24879 | Lair:6   | Found a staircase to the Slime Pits.
 25740 | Lair:6   | Reached skill level 9 in Fighting
 26509 | D:11     | Noticed Grum
 26718 | D:11     | Killed Grum
 27638 | D:13     | Noticed Nessos
 27785 | D:13     | Found a gate to the Vaults.
 28429 | D:13     | Noticed Josephine
 28444 | D:12     | Killed Josephine
 28710 | D:13     | Noticed Urug
 28730 | D:13     | Killed Urug
 29020 | D:13     | Noticed Nessos
 29020 | D:13     | Nessos changed into Nessos the glowing orange brain
 29027 | D:13     | Killed Nessos the glowing orange brain
 29049 | D:13     | Bought a potion of curing for 39 gold pieces
 29049 | D:13     | Bought a potion of agility for 52 gold pieces
 29049 | D:13     | Bought 2 potions of magic for 208 gold pieces
 29049 | D:13     | Bought a potion of cancellation for 104 gold pieces
 29068 | D:13     | Reached skill level 10 in Polearms
 29377 | D:12     | Reached skill level 10 in Fighting
 30378 | D:14     | Reached XP level 16. HP: 78/97 MP: 24/28
 31576 | D:15     | Entered Level 15 of the Dungeon
 31632 | D:15     | Found a staircase to the Depths.
 32439 | D:15     | Reached skill level 10 in Dodging
 32577 | D:15     | Noticed Azrael
 32607 | D:15     | Killed Azrael
 33182 | Orc:2    | Bought a scroll of acquirement for 780 gold pieces
 33273 | Swamp:1  | Entered Level 1 of the Swamp
 33285 | Swamp:1  | Reached skill level 10 in Spellcasting
 33527 | Swamp:1  | Found a stormy altar of Qazlal.
 34875 | Swamp:1  | Identified the +7 fustibalus of Perfectionism {freeze,
                  | Dex+4} (You found it on level 1 of the Swamp)
 36050 | Swamp:2  | Reached skill level 11 in Fighting
 36112 | Swamp:2  | Identified the cursed +1 scimitar "Dragon's Tongue" {drain,
                  | MR+ Int+6 SInv}
 39112 | Swamp:4  | Entered Level 4 of the Swamp
 39903 | Swamp:4  | Noticed a thorn hunter
 39922 | Swamp:3  | Killed a thorn hunter
 39922 | Swamp:3  | Reached skill level 12 in Fighting
 39922 | Swamp:3  | Reached XP level 17. HP: 30/106 MP: 22/31
 41823 | Swamp:3  | Reached skill level 13 in Fighting
 42394 | Swamp:4  | Got a decaying rune of Zot
 42736 | Spider:1 | Entered Level 1 of the Spider Nest
 42736 | Spider:1 | Noticed Agnes
 42736 | Spider:1 | Noticed Nikola
 42751 | Lair:4   | Killed Nikola
 43037 | Lair:4   | Killed Agnes
 44615 | Spider:1 | Learned a level 2 spell: Swiftness
 44711 | Spider:1 | Reached skill level 1 in Shields
 44815 | Spider:1 | Reached skill level 1 in Staves
 44896 | Spider:1 | Reached skill level 1 in Air Magic
 44972 | Spider:1 | Identified the cursed +1 leather armour "Mayjaurgh" {rF+
                  | rN+} (You found it on level 1 of the Spider Nest)
 46861 | Spider:3 | Noticed Arachne
 46887 | Spider:3 | Killed Arachne
 46887 | Spider:3 | Reached XP level 18. HP: 84/115 MP: 17/32
 46980 | Spider:4 | Entered Level 4 of the Spider Nest
 47702 | Spider:3 | Reached skill level 5 in Staves
 48899 | Spider:4 | Reached skill level 5 in Air Magic
 53479 | Spider:4 | Got a gossamer rune of Zot
 53650 | Elf:1    | Entered Level 1 of the Elven Halls
 55055 | Elf:1    | Identified the Tome of the Entourage
 55373 | Elf:1    | Identified the +6 long sword of Demonkind {protect, SInv}
 55391 | Elf:1    | You fall through a shaft!
 55441 | Elf:2    | Reached XP level 19. HP: 116/120 MP: 30/33
 56749 | Elf:2    | Found a portal to a secret trove of treasure.
 56755 | Elf:2    | Reached skill level 10 in Air Magic
 56841 | Elf:2    | Reached skill level 1 in Armour
 57291 | Elf:2    | Identified Roxanne's Compendium of Transmigration
 57291 | Elf:2    | Noticed Roxanne
 57332 | Elf:2    | Killed Roxanne
 57496 | Elf:2    | Found a huge runed translucent gate.
 57496 | Elf:2    | Found a huge runed translucent gate.
 57499 | Elf:2    | Found a huge runed translucent gate.
 57500 | Elf:2    | Found a huge runed translucent gate.
 57501 | Elf:2    | Found a huge runed translucent gate.
 57668 | Elf:3    | Entered Level 3 of the Elven Halls
 57776 | Elf:3    | Reached skill level 14 in Fighting
 59622 | Elf:3    | Reached skill level 5 in Armour
 60046 | Elf:3    | Cast into level 3 of the Abyss (a deep elf sorcerer)
 60046 | Abyss:3  | Found a corrupted altar of Lugonu.
 60051 | Elf:3    | Escaped the Abyss
 60102 | Elf:3    | Identified the amulet "Ukhaev" {Harm *Drain MR+ Int-3 Dex+4
                  | Stlth+}
 60123 | Elf:3    | Identified the amulet of Veofai Noti {MR++ Regen+ SInv}
 60136 | Elf:3    | Cast into level 2 of the Abyss (a deep elf sorcerer)
 60781 | Abyss:3  | Noticed a profane servitor
 60790 | Abyss:3  | Identified the +3 large shield of the Oligarchy {rElec rC++
                  | rN+ Int-5}
 60805 | Abyss:3  | Killed a profane servitor
 60929 | Abyss:3  | Found a corrupted altar of Lugonu.
 61165 | Abyss:3  | Reached XP level 20. HP: 121/127 MP: 31/34
 61263 | Abyss:3  | Noticed a bone dragon
 61281 | Abyss:3  | Killed a bone dragon
 61438 | Abyss:3  | Noticed a bone dragon
 61484 | Abyss:3  | Slain by a bone dragon

Skill      XL: |  1  2  3  4  5  6  7  8  9 10 11 12 13 14 15 16 17 18 19 20 |
---------------+-------------------------------------------------------------+-----
Conjurations   | 2 3 4 6 7 8 9 10 | 10.0
Fire Magic     | 4 5 6 7 8 9 10 | 10.0
Hexes          | 3 5 6 |  6.0
Spellcasting   | 3 6 8 10 | 10.0
Fighting       | 6 8 10 12 13 14 | 14.0
Dodging        | 6 7 9 10 11 | 11.7
Evocations     | 6 7 9 10 | 10.0
Invocations    | 6 7 10 | 10.0
Polearms       | 5 8 10 11 12 | 12.7
Shields        | 4 |  4.0
Staves         | 4 8 |  8.2
Air Magic      | 3 8 10 | 10.0
Armour         | 7 8 |  8.0
Stealth        | |  2.1

Action                   |  1- 3 |  4- 6 |  7- 9 | 10-12 | 13-15 | 16-18 | 19-21 || total
-------------------------+-------+-------+-------+-------+-------+-------+-------++-------
Melee: Short sword       |    11 |    33 |       |       |       |       |       ||    44
       Unarmed           |     3 |    31 |       |       |       |       |       ||    34
       Spear             |     8 |    35 |       |       |       |       |       ||    43
       Dagger            |     6 |     2 |       |       |       |       |       ||     8
       Whip              |       |       |    98 |    98 |       |       |       ||   196
       Glaive            |       |       |    85 |   201 |   251 |   159 |       ||   696
       Trident           |       |       |       |       |  1364 |  1985 |   355 ||  3704
       Staff             |       |       |       |       |       |       |   439 ||   439
Throw: Javelin           |     3 |       |       |       |       |       |       ||     3
 Cast: Flame Tongue      |    55 |    96 |    22 |    11 |       |       |       ||   184
       Conjure Flame     |       |     1 |     8 |     3 |     3 |     2 |       ||    17
       Sticky Flame      |       |       |    42 |    74 |   236 |   336 |    86 ||   774
       Confusing Touch   |       |       |       |       |     5 |       |     1 ||     6
       Fireball          |       |       |       |       |    10 |    85 |    25 ||   120
Invok: Divine Shield     |       |       |       |     1 |     6 |     5 |       ||    12
       Summon Divine War |       |       |       |       |     7 |     7 |     8 ||    22
 Abil: Fly               |       |       |       |       |     1 |       |       ||     1
       Stop Flying       |       |       |       |       |       |     1 |       ||     1
Evoke: Wand              |       |       |     2 |     6 |    13 |    31 |     5 ||    57
       Box of beasts     |       |       |       |       |     1 |     1 |       ||     2
  Use: Scroll            |       |     6 |     4 |    11 |    11 |    18 |     6 ||    56
       Potion            |       |     2 |       |     2 |     5 |    10 |     9 ||    28
 Stab: Sleeping          |     6 |     1 |       |       |       |       |       ||     7
  Eat: Chunk             |     2 |     6 |    15 |    18 |    66 |    45 |    17 ||   169
       Ration            |       |     1 |     1 |     3 |     8 |    21 |     3 ||    37
Armor: Robe              |    32 |    38 |    97 |   287 |   932 |  1327 |   204 ||  2917
       Skin              |       |    19 |       |       |       |       |       ||    19
Dodge: Dodged            |    46 |    66 |   162 |   349 |  1266 |  2826 |   438 ||  5153
Block: Other             |       |       |       |     3 |   285 |   195 |       ||   483
       Reflection        |       |       |       |       |     4 |    14 |     7 ||    25
       Buckler           |       |       |       |       |       |   652 |   177 ||   829

Action                   |  1- 3 |  4- 6 |  7- 9 | 10-12 | 13-15 | 16-18 | 19-21 || total
-------------------------+-------+-------+-------+-------+-------+-------+-------++-------
Melee: Short sword       |    11 |    33 |       |       |       |       |       ||    44
       Unarmed           |     3 |    31 |       |       |       |       |       ||    34
       Spear             |     8 |    35 |       |       |       |       |       ||    43
       Dagger            |     6 |     2 |       |       |       |       |       ||     8
       Whip              |       |       |    98 |    98 |       |       |       ||   196
       Glaive            |       |       |    85 |   201 |   251 |   159 |       ||   696
       Trident           |       |       |       |       |  1364 |  1985 |   355 ||  3704
       Staff             |       |       |       |       |       |       |   439 ||   439
Throw: Javelin           |     3 |       |       |       |       |       |       ||     3
 Cast: Flame Tongue      |    55 |    96 |    22 |    11 |       |       |       ||   184
       Conjure Flame     |       |     1 |     8 |     3 |     3 |     2 |       ||    17
       Sticky Flame      |       |       |    42 |    74 |   236 |   336 |    86 ||   774
       Confusing Touch   |       |       |       |       |     5 |       |     1 ||     6
       Fireball          |       |       |       |       |    10 |    85 |    25 ||   120
Invok: Divine Shield     |       |       |       |     1 |     6 |     5 |       ||    12
       Summon Divine War |       |       |       |       |     7 |     7 |     8 ||    22
 Abil: Fly               |       |       |       |       |     1 |       |       ||     1
       Stop Flying       |       |       |       |       |       |     1 |       ||     1
Evoke: Wand              |       |       |     2 |     6 |    13 |    31 |     5 ||    57
       Box of beasts     |       |       |       |       |     1 |     1 |       ||     2
  Use: Scroll            |       |     6 |     4 |    11 |    11 |    18 |     6 ||    56
       Potion            |       |     2 |       |     2 |     5 |    10 |     9 ||    28
 Stab: Sleeping          |     6 |     1 |       |       |       |       |       ||     7
  Eat: Chunk             |     2 |     6 |    15 |    18 |    66 |    45 |    17 ||   169
       Ration            |       |     1 |     1 |     3 |     8 |    21 |     3 ||    37
Armor: Robe              |    32 |    38 |    97 |   287 |   932 |  1327 |   204 ||  2917
       Skin              |       |    19 |       |       |       |       |       ||    19
Dodge: Dodged            |    46 |    66 |   162 |   349 |  1266 |  2826 |   438 ||  5153
Block: Other             |       |       |       |     3 |   285 |   195 |       ||   483
       Reflection        |       |       |       |       |     4 |    14 |     7 ||    25
       Buckler           |       |       |       |       |       |   652 |   177 ||   829
